[Event "Live Chess"]
[Site "Chess.com"]
[Date "2023.05.20"]
[Round "-"]
[White "Stanbad1"]
[Black "Daniel_Gliddon_FA"]
[Result "1-0"]
[WhiteElo "2387"]
[BlackElo "1308"]
[TimeControl "300"]
[EndTime "15:08:55 PDT"]
[Termination "Stanbad1 won by resignation"]

1. d4 Nf6 2. Nc3 g6 3. e4 Bg7 4.
Be3 d6 5. f3 Nc6 6. Qd2 e5 7.
d5 Ne7 8. O-O-O c6 9. dxc6 Nxc6 10. Qxd6 Qd7 11. Bb5 Qxd6 12. Rxd6 Bd7 13. Nge2 a6 14.
Bxc6 Bxc6 15. Rhd1 O-O 16. Bg5 b5 17. Rxc6 b4 18.
Bxf6 Bxf6 19. Rxf6 bxc3 20. Nxc3 Rfc8 21. Nd5 Rc5 22. Nb6 Rb8 23. Nd7 1-0

[Event "Live Chess"]
[Site "Chess.com"]
[Date "2023.05.20"]
[Round "-"]
[White "hturner40"]
[Black "Man-Del-Brot"]
[Result "1-0"]
[WhiteElo "1804"]
[BlackElo "1122"]
[TimeControl "300"]
[EndTime "15:09:08 PDT"]
[Termination "hturner40 won by resignation"]

1. Nf3 d5 2. g3 Nc6 3. d4 g6 4.
Bg2 Bg7 5. O-O e5 6. Nxe5 Nxe5 7. dxe5 c6 8. c4 Ne7 9. cxd5 Nxd5 10. e4 Nb4 11. Qxd8+ Kxd8 12. Bg5+ Kc7 13. Nc3 Bxe5 14. Rad1 f6 15. Bf4 Bxf4 16. gxf4 Be6 17. a3 Na6 18.
Rc1 Bc4 19. Nd5+ Bxd5 20. exd5 c5 21. b4 Kd6 22. Rfe1 Rhe8 23. Re6+ Rxe6 24. dxe6 Kxe6 25. Bxb7 Rb8 26. Bxa6 cxb4 27. axb4 Rxb4 28. Rc7 Rxf4 29. Rxa7 Rh4 30. Bc8+ Ke5 31. Ra5+ Kd6 32. Ra6+ Kc7 33.
Be6 Kb7 34. Rd6 Kc7 35. Rd7+ Kc6 36. Kg2 Rh5 37. Rf7 Rg5+ 38. Kf3 f5 39. Rf6 Rg4 40.
Bxf5+ Kd5 41. Bxg4 1-0

[Event "Live Chess"]
[Site "Chess.com"]
[Date "2023.05.20"]
[Round "-"]
[White "Ferrarifan27"]
[Black "elvenstar"]
[Result "1-0"]
[WhiteElo "2063"]
[BlackElo "1568"]
[TimeControl "300"]
[EndTime "15:09:23 PDT"]
[Termination "Ferrarifan27 won by resignation"]

1. e4 d5 2. exd5 Nf6 3. d4 e6 4. Nf3 exd5 5. Bd3 Bd6 6. O-O Be6 7. Re1 O-O 8. Nc3 c6 9. Ng5 Bg4 10. f3 Bh5 11. Ne2 h6 12. Nh3 Nbd7 13. Bf4 Qc7 14. Bxd6 Qxd6 15. Nhf4 Rfe8 16. Nxh5 Nxh5 17. Qd2 Nhf6 18.
Qf4 Qxf4 19. Nxf4 Rad8 20. Kf2 g5 21. Ne2 Kg7 22. Ng3 Kg8 23. Nf5 h5 24. Nd6 Rxe1 25. Rxe1 b6 26. Nf5 Re8 27. Rxe8+ Nxe8 28. Ne7+ Kg7 29.
Nxc6 a5 30. Ne7 Nef6 31. Bb5 Nf8 32. Nc8 Ne6 33. c3 Nc7 34. Bc6 b5 35. Na7 b4 36.
Nb5 Nxb5 37. Bxb5 Kf8 38. cxb4 axb4 39. a3 bxa3 40. bxa3 Ke7 41. a4 Kd8 42. a5 Kc7 43. Ke3 Nh7 44. Be8 f6 45. Bxh5 Nf8 46. Bf7 Kc6 47. g3 Nd7 48. h4 1-0

[Event "Live Chess"]
[Site "Chess.com"]
[Date "2023.05.20"]
[Round "-"]
[White "Cimon"]
[Black "Hoogleboogle"]
[Result "1-0"]
[WhiteElo "1831"]
[BlackElo "1372"]
[TimeControl "300"]
[EndTime "15:09:29 PDT"]
[Termination "Cimon won by resignation"]

1. Nf3 d5 2. d4 Nc6 3. Bf4 Bf5 4.
c3 e6 5. e3 Bd6 6. Bg3 Bxg3 7.
hxg3 Nf6 8. Bd3 Bxd3 9. Qxd3 Qe7 10. Nbd2 O-O-O 11. a4 a5 12. Nb3 Ne4 13. Ne5 Nxe5 14. dxe5 Nc5 15. Nxc5 Qxc5 16. Rxh7 Rxh7 17. Qxh7 d4 18.
exd4 Qd5 19. f3 f6 20. exf6 gxf6 21. Qe4 Qd6 22. O-O-O f5 23. Qe5 Qxe5 24. dxe5 Rxd1+ 25. Kxd1 Kd7 26. Kd2 Kc6 27. Kd3 Kd5 28. f4 c6 29. b3 b5 30. axb5 cxb5 31. c4+ bxc4+ 32. bxc4+ Kc5 33. Kc3 a4 34. g4 fxg4 35. g3 a3 36. Kb3 a2 37. Kxa2 Kxc4 38. f5 exf5 39. e6 f4 40. e7 f3 41. e8=Q f2 42. Qf7+ Kd3 43.
Qxf2 1-0

[Event "Live Chess"]
[Site "Chess.com"]
[Date "2023.05.20"]
[Round "-"]
[White "Biranidun"]
[Black "grillage"]
[Result "1-0"]
[WhiteElo "2766"]
[BlackElo "1849"]
[TimeControl "300"]
[EndTime "15:09:35 PDT"]
[Termination "Biranidun won by checkmate"]

1. e4 d5 2. exd5 Qxd5 3. Nc3 Qd8 4. d4 Nf6 5. Nf3 Bg4 6. h3 Bxf3 7. Qxf3 c6 8. g4 e6 9. g5 Nd5 10. Ne4 Nd7 11. Bd2 Qb6 12. O-O-O Be7 13. c4 Nb4 14. a3 Na6 15. c5 Qd8 16. h4 Nc7 17. h5 Nd5 18.
Bc4 b5 19. Bd3 b4 20. a4 Qa5 21. b3 Nc3 22. Rde1 Nxc5 23. dxc5 Bxc5 24. g6 O-O 25. Nf6+ Kh8 26. h6 Bd4 27. hxg7+ Kxg7 28. Rxh7# 1-0

[Event "Live Chess"]
[Site "Chess.com"]
[Date "2023.05.20"]
[Round "-"]
[White "LanceMaster23"]
[Black "jagbama"]
[Result "1-0"]
[WhiteElo "1871"]
[BlackElo "1131"]
[TimeControl "300"]
[EndTime "15:09:41 PDT"]
[Termination "LanceMaster23 won by checkmate"]

1. Nf3 d5 2. d4 e6 3. Bf4 Nf6 4.
e3 c5 5. c3 Nc6 6. Nbd2 h6 7. Be2 g5 8. Bg3 b6 9. Qa4 Bd7 10. Bb5 Qc8 11. Ne5 Nxe5 12. Bxe5 Bg7 13. dxc5 bxc5 14. Nb3 a6 15. Bxd7+ Qxd7 16. Qxd7+ Kxd7 17. Nxc5+ Kc6 18. Nd3 Ne8 19. Bxg7 Nxg7 20. Ne5+ Kc7 21.
Nxf7 Rh7 22. Ne5 Nf5 23. Rd1 h5 24. Ke2 a5 25. f3 a4 26. e4 Ne7 27. Rd4 a3 28. b3 dxe4 29. fxe4 g4 30. Rd7+ Kc8 31. Rhd1 Rb8 32. Rd8+ Kb7 33. R1d7+ Ka8 34. Rxb8+ Kxb8 35. Rxe7 Rxe7 36. Nc6+ Kc7 37. Nxe7 Kd6 38. Ng6 e5 39. b4 Ke6 40. c4 Kf6 41. b5 Kxg6 42.
b6 Kg5 43. b7 Kf4 44. Kd3 h4 45. b8=Q g3 46. Qf8+ Kg4 47. Qg7+ Kf4 48. Qh6+ Kg4 49. h3# 1-0

[Event "Live Chess"]
[Site "Chess.com"]
[Date "2023.05.20"]
[Round "-"]
[White "Richardallis"]
[Black "HoarseyHorsey"]
[Result "0-1"]
[WhiteElo "1869"]
[BlackElo "1437"]
[TimeControl "300"]
[EndTime "15:09:42 PDT"]
[Termination "HoarseyHorsey won by checkmate"]

1. d4 Nf6 2. Nf3 d5 3. Bg5 Bg4 4. Nbd2 e6 5. e4 dxe4 6. Nxe4 Be7 7. Bxf6 Bxf6 8. c3 Nd7 9. Bd3 O-O 10. Qe2 Rb8 11.
O-O b6 12. Rad1 Qe7 13. Rfe1 c5 14. dxc5 Nxc5 15. Nxc5 Qxc5 16. h3 Bh5 17. Qe4 Bg6 18. Qe3 Rbc8 19. Bxg6 hxg6 20. Nd4 Rfd8 21. Nc2 Qc4 22.
a3 Rc5 23. Rxd8+ Bxd8 24. Qe4 Qd5 25. Nb4 Qd6 26. Qe2 Bc7 27. Rd1 Qh2+ 28. Kf1 Qh1# 0-1

[Event "Live Chess"]
[Site "Chess.com"]
[Date "2023.05.20"]
[Round "-"]
[White "Pablo_dmp"]
[Black "KeithArkell"]
[Result "0-1"]
[WhiteElo "1872"]
[BlackElo "2607"]
[TimeControl "300"]
[EndTime "15:09:54 PDT"]
[Termination "KeithArkell won by resignation"]

1. e4 c6 2. d4 d5 3. e5 c5 4.
dxc5 Nc6 5. f4 e6 6. a3 Bxc5 7. b4 Bb6 8. Nf3 Nge7 9. Bd3 Nf5 10.
Qe2 Ncd4 11. Nxd4 Nxd4 12. Qg4 g6 13. Nd2 Bd7 14. Nf3 Rc8 15. Bb2 Nxc2+ 16. Bxc2 Rxc2 17. Bd4 Bb5 18. Kd1 Qc7 19. Re1 Ba4 0-1

[Event "Live Chess"]
[Site "Chess.com"]
[Date "2023.05.20"]
[Round "-"]
[White "LiamClery2020"]
[Black "ranvir123"]
[Result "1-0"]
[WhiteElo "2089"]
[BlackElo "923"]
[TimeControl "300"]
[EndTime "15:10:17 PDT"]
[Termination "LiamClery2020 won on time"]

1. e4 e5 2. Nc3 Nc6 3. Bc4 Nf6 4. d3 Bc5 5. Nf3 O-O 6. O-O d6 7. Be3 Bxe3 8. fxe3 Bg4 9. h3 Bh5 10. Qe2 Nb4 11. a3 Na6 12. Bxa6 bxa6 13. d4 Rb8 14. dxe5 dxe5 15. Rad1 Qe7 16. b4 Rfd8 17. Qxa6 Bxf3 18. Rxd8+ Rxd8 19. Rxf3 c5 20. bxc5 Qxc5 21. Nd5 Nxe4 22.
Nb4 Rd1+ 23. Kh2 h6 24. Qb7 Ng5 25. Rg3 Qb6 26. Qxb6 axb6 27. h4 Ne4 28. Rf3 Nd2 29.
Rf2 Ne4 30. Re2 Rh1+ 31. Kxh1 Ng3+ 32. Kg1 Nxe2+ 33. Kf2 Nc3 34. Nd3 e4 35. Ne5 Nb5 36.
a4 Nd6 37. Nd7 Nc8 38. c4 f5 39. c5 bxc5 40. Nxc5 g5 41. a5 gxh4 42. a6 Kf7 43. Nd7 Ke6 44. Nc5+ Kd6 45. a7 Nxa7 46. Nb7+ Kc7 47. Na5 Kb6 48. Nc4+ Kc5 49. Ne5 Kd5 50. Nf7 Ke6 51. Nxh6 Kf6 52. Ng8+ Kg5 53. Ne7 Kg4 54. Nd5 f4 55. Nxf4 Kf5 56. g3 hxg3+ 57. Kxg3 Ke5 58. Ne2 Kf5 59. Nd4+ Ke5 60. Kf2 Kd5 61. Ke2 Kc4 62.
Kd2 Nc6 63. Nxc6 Kd5 64. Nb4+ Kc4 65. Nc2 1-0

[Event "Live Chess"]
[Site "Chess.com"]
[Date "2023.05.20"]
[Round "-"]
[White "LiamBellwood"]
[Black "diana21strabt"]
[Result "1-0"]
[WhiteElo "2076"]
[BlackElo "1694"]
[TimeControl "300"]
[EndTime "15:10:22 PDT"]
[Termination "LiamBellwood won by resignation"]

1. d4 Nf6 2. Nc3 g6 3. Bf4 d5 4. e3 Bg7 5. h4 e6 6. Bd3 Nbd7 7. Nf3 c5 8. Nb5 Qa5+ 9. c3 O-O 10. Bd6 Re8 11. Nc7 c4 12. Nxe8 Nxe8 13. Bb4 Qb6 14. Be2 a5 15. Ba3 Qc6 16. h5 Nef6 17. hxg6 fxg6 18.
Be7 Ne4 19. Bg5 e5 20. dxe5 Nxe5 21. Nd4 Qe8 22. Bf4 Qf7 23. Nf3 Nxf3+ 24. Bxf3 Bf5 25. Bh6 b5 26. Bxg7 Kxg7 27. Qd4+ Kg8 28. Rd1 Rd8 29. Rf1 b4 30. g4 bxc3 31. bxc3 Qf6 32. gxf5 Qxd4 33.
Rxd4 Nxc3 34. fxg6 hxg6 35. Kd2 Nxa2 36. Bxd5+ Rxd5 37. Rxd5 c3+ 38. Kc2 Nb4+ 39. Kxc3 Nxd5+ 40. Kc4 Nc7 41. Ra1 Ne8 42. Rxa5 Nd6+ 43. Kd5 Nf5 44. Ke6 Ng7+ 45.
Kf6 Kh7 46. Ra7 1-0

[Event "Live Chess"]
[Site "Chess.com"]
[Date "2023.05.20"]
[Round "-"]
[White "f4nomore"]
[Black "Jo1ts"]
[Result "1-0"]
[WhiteElo "1416"]
[BlackElo "765"]
[TimeControl "300"]
[EndTime "15:10:58 PDT"]
[Termination "f4nomore won by resignation"]

1. b3 e5 2. Bb2 Nc6 3. e3 d5 4.
Bb5 Nf6 5. Bxc6+ bxc6 6. Bxe5 Bd6 7. Bb2 O-O 8. Ne2 Bg4 9. f3 Bh5 10. O-O Nd7 11. Qe1 Re8 12. f4 Qf6 13. Bxf6 1-0

[Event "Live Chess"]
[Site "Chess.com"]
[Date "2023.05.20"]
[Round "-"]
[White "MarkLim1"]
[Black "lightningorderyt"]
[Result "1-0"]
[WhiteElo "1656"]
[BlackElo "519"]
[TimeControl "300"]
[EndTime "15:11:30 PDT"]
[Termination "MarkLim1 won by checkmate"]

1. d4 d6 2. Nf3 e5 3. dxe5 Bf5 4. exd6 Bxd6 5. Nc3 Nf6 6. Bg5 Nc6 7. Qd2 h6 8. Bxf6 Qxf6 9. e3 O-O-O 10. Bd3 Bxd3 11. cxd3 Bb4 12. O-O Ne5 13. Nxe5 Qxe5 14. a3 Bxc3 15.
bxc3 Qd5 16. d4 h5 17. Qd3 Rh6 18. c4 Qg5 19. Rab1 Rg6 20. g3 b6 21. Qe4 h4 22.
Qa8+ Kd7 23. Qxa7 hxg3 24. hxg3 Rh8 25. Qa4+ c6 26. Rxb6 Qh4 27. Qa7+ Ke6 28. d5+ Kf5 29. Qd7+ Kg5 30. f4+ Kf6 31. Rxc6# 1-0

[Event "Live Chess"]
[Site "Chess.com"]
[Date "2023.05.20"]
[Round "-"]
[White "LodeshChess"]
[Black "Singapourfeuj"]
[Result "0-1"]
[WhiteElo "1093"]
[BlackElo "2237"]
[TimeControl "300"]
[EndTime "15:11:32 PDT"]
[Termination "Singapourfeuj won by resignation"]

1. e4 e6 2. d4 d5 3. e5 c5 4. c3 Nc6 5. Nf3 Qb6 6. Bd3 Bd7 7. O-O Nh6 8. Bxh6 gxh6 9. dxc5 Bxc5 10. b4 Be7 11. Nbd2 O-O-O 12. Nb3 Kb8 13. a3 f6 14. Nbd4 fxe5 15. Nxc6+ Bxc6 16. Nxe5 Bd6 17. Re1 Qc7 18. Qh5 Rhg8 19. f4 d4 20. cxd4 Rxg2+ 21. Kf1 Rdg8 22. Qxh6 Bxe5 23. fxe5 Qf7+ 0-1

[Event "Live Chess"]
[Site "Chess.com"]
[Date "2023.05.20"]
[Round "-"]
[White "laminaaprod"]
[Black "Doge_Dandolo"]
[Result "0-1"]
[WhiteElo "2251"]
[BlackElo "2049"]
[TimeControl "300"]
[EndTime "15:11:47 PDT"]
[Termination "Doge_Dandolo won on time"]

1. d4 d5 2. c4 c6 3. Nf3 Nf6 4. g3 a6 5. cxd5 cxd5 6. Bg2 e6 7. O-O Be7 8. Nc3 O-O 9. a4 Bd7 10. Bf4 Bc6 11. Ne5 Nbd7 12. Nxc6 bxc6 13. e4 Nb6 14.
b3 Re8 15. e5 Nfd7 16. a5 Nc8 17. Na4 Bb4 18. Bd2 Bf8 19. Rc1 Na7 20. Nc5 Nxc5 21. dxc5 Rb8 22. b4 Nb5 23. f4 g6 24. g4 Re7 25. Qf3 Reb7 26. f5 exf5 27. gxf5 Qe7 28. Rce1 Nd4 29. Qg4 Nb3 30. Bc3 d4 31. e6 dxc3 32.
exf7+ Qxf7 33. fxg6 Qxg6 34. Qc4+ Kh8 35. Qxb3 Bg7 36.
Re6 Qd3 37. Rfe1 Qd4+ 38. Kh1 Qxb4 39. Re8+ Bf8 40. Qc2 Qb2 41. Qf5 Rxe8 42. Rxe8 Qc1+ 43. Bf1 Qh6 44. Rxf8+ Kg7 0-1

[Event "Live Chess"]
[Site "Chess.com"]
[Date "2023.05.20"]
[Round "-"]
[White "Conradical12"]
[Black "SupremeTactician"]
[Result "0-1"]
[WhiteElo "1601"]
[BlackElo "2367"]
[TimeControl "300"]
[EndTime "15:11:55 PDT"]
[Termination "SupremeTactician won by resignation"]

1. e4 e5 2. Nf3 Nc6 3. Bb5 a6 4. Ba4 Nf6 5. O-O Nxe4 6. Re1 Nc5 7. Nxe5 Nxe5 8. Rxe5+ Be7 9. Bb3 O-O 10. Nc3 d6 11.
Re1 c6 12. d4 Ne6 13. d5 Nc5 14. Ne4 Nxe4 15. Rxe4 Bf5 16. Re1 Bf6 17. c3 c5 18.
Bf4 Qd7 19. Qf3 Bg6 20. Qg3 Rad8 21. Rf1 b5 22. c4 Rfe8 23. a4 b4 24. a5 Re4 25. Ba4 Qf5 26. Bxd6 Bh4 27. Qf3 Rxd6 28. Rae1 h6 29. g3 0-1

[Event "Live Chess"]
[Site "Chess.com"]
[Date "2023.05.20"]
[Round "-"]
[White "manthanit"]
[Black "ViktorTheCoolBoy"]
[Result "0-1"]
[WhiteElo "1029"]
[BlackElo "2520"]
[TimeControl "300"]
[EndTime "15:12:15 PDT"]
[Termination "ViktorTheCoolBoy won by resignation"]

1. e4 c5 2. Nf3 Nc6 3. Bc4 e6 4. O-O Qc7 5. Re1 a6 6. a4 d6 7. Nc3 Nf6 8. Bb3 Be7 9. d4 cxd4 10. Nxd4 O-O 11. Nxc6 bxc6 12. Bf4 e5 13. Bg3 a5 14.
f3 Rb8 15. Rb1 Nh5 16. Bf2 Nf4 17. Ne2 Ne6 18. Ba2 Kh8 19. Ng3 g6 20. Ne2 Ba6 21.
c3 Rb7 22. b4 axb4 23. cxb4 Rfb8 24. b5 cxb5 25. axb5 Bxb5 26. Nc3 Bc6 27. Rxb7 Qxb7 28. Qd2 Qb2 29. Be3 Qxd2 30. Bxd2 Rb2 31. Re2 Nd4 32.
Rf2 Kg7 33. Be3 Rxf2 34. Kxf2 Bd8 35. Bxd4 exd4 36. Nd5 Bb5 37. Ke1 Ba5+ 38. Kd1 d3 39. Bb1 Ba4+ 40. Kc1 d2+ 0-1

[Event "Live Chess"]
[Site "Chess.com"]
[Date "2023.05.20"]
[Round "-"]
[White "Pablo_dmp"]
[Black "Long1968"]
[Result "1-0"]
[WhiteElo "1872"]
[BlackElo "1202"]
[TimeControl "300"]
[EndTime "15:12:16 PDT"]
[Termination "Pablo_dmp won by resignation"]

1. e4 e6 2. Nf3 d5 3. Nc3 dxe4 4.
Nxe4 Nf6 5. Bd3 b6 6. Qe2 Bb7 7.
c3 Nc6 8. O-O Be7 9. Bc2 O-O 10.
d4 a5 11. Qd3 Ba6 12. Nxf6+ 1-0

[Event "Live Chess"]
[Site "Chess.com"]
[Date "2023.05.20"]
[Round "-"]
[White "LL220284LL"]
[Black "chessfiction"]
[Result "1-0"]
[WhiteElo "2385"]
[BlackElo "2341"]
[TimeControl "300"]
[EndTime "15:12:23 PDT"]
[Termination "LL220284LL won by resignation"]

1. Nf3 e5 2. Nxe5 Nc6 3. Nf3 g5 4. d4 g4 5. Ne5 Bd6 6. Nxc6 dxc6 7. e3 Qf6 8. Nc3 Bf5 9. e4 Qe7 10. Qe2 Bg6 11. e5 Bb4 12. Qxg4 Rd8 13. Bg5 f6 14.
Bd2 fxe5 15. O-O-O Rxd4 16. Qc8+ Rd8 17. Qxb7 Qc5 18.
Qxc7 Ne7 19. Qxd8+ Kxd8 20. Be3+ Qd5 21. Nxd5 cxd5 22.
Bc4 d4 23. c3 Kc7 24. cxd4 Rc8 25. Be6 Rb8 26. a3 exd4 27. Rxd4 Bd6 28. Rhd1 Rb6 29. Rxd6 Rxd6 30. Bf4 Nc8 31. Bxc8 Kxc8 32. Rxd6 1-0

[Event "Live Chess"]
[Site "Chess.com"]
[Date "2023.05.20"]
[Round "-"]
[White "therealab0ne"]
[Black "1600x"]
[Result "1-0"]
[WhiteElo "710"]
[BlackElo "1775"]
[TimeControl "300"]
[EndTime "15:12:38 PDT"]
[Termination "therealab0ne won by checkmate"]

1. e4 e5 2. Bc4 Nc6 3. Nc3 h5 4. d3 Na5 5. Bb3 Bb4 6. Nf3 Nxb3 7. axb3 d5 8. Nxe5 d4 9. O-O dxc3 10. Qf3 f6 11. Bg5 cxb2 12. Ng6 Bc3 13. Rab1 Rh7 14. e5 fxg5 15. Qf8+ Kd7 16. Qf5+ Kc6 17. Qe4+ Kb6 18. Qe3+ Bd4 19. Qd2 Bf5 20. Qb4+ Ka6 21. c3 g4 22. Ra1+ bxa1=Q 23.
Rxa1# 1-0

[Event "Live Chess"]
[Site "Chess.com"]
[Date "2023.05.20"]
[Round "-"]
[White "JoshMcK"]
[Black "blowerd"]
[Result "0-1"]
[WhiteElo "1537"]
[BlackElo "1415"]
[TimeControl "300"]
[EndTime "15:12:38 PDT"]
[Termination "blowerd won by checkmate"]

1. e4 e5 2. Nf3 Nc6 3. Bb5 a6 4. Ba4 b5 5. Bb3 Nf6 6. O-O d6 7. Re1 Na5 8. d4 Nxb3 9. axb3 Bg4 10. dxe5 dxe5 11. Qxd8+ Rxd8 12. Nxe5 Bh5 13. Bg5 Bb4 14. c3 Bc5 15. Bxf6 gxf6 16. Nc6 Rd1 17. Rxd1 Bxd1 18.
Nd2 Bh5 19. b4 Bd6 20. Rxa6 O-O 21. b3 Re8 22. f3 Bf4 23. Nf1 Kg7 24. c4 bxc4 25.
bxc4 Re6 26. b5 Rd6 27. Ne7 Rd1 28. Nd5 Bd6 29. c5 Bxc5+ 30. Ne3 Bxe3+ 31. Kh1 Rxf1# 0-1

[Event "Live Chess"]
[Site "Chess.com"]
[Date "2023.05.20"]
[Round "-"]
[White "Brooms1989"]
[Black "Biranidun"]
[Result "0-1"]
[WhiteElo "1063"]
[BlackElo "2766"]
[TimeControl "300"]
[EndTime "15:12:50 PDT"]
[Termination "Biranidun won by checkmate"]

1. e4 c5 2. Nc3 d6 3. f4 g6 4. Nf3 Bg7 5. Bb5+ Bd7 6. Bxd7+ Qxd7 7. O-O Nc6 8. d3 Nf6 9. h3 O-O 10. Bd2 Rac8 11. Qc1 Nd4 12. Nxd4 cxd4 13. Ne2 Qa4 14. b3 Qc6 15. Nxd4 Qc5 16. c3 e5 17. fxe5 dxe5 18. b4 Qb6 19. Be3 exd4 20. Bxd4 Qa6 21. b5 Qe6 22. c4 Rfd8 23. Qc3 Nxe4 24. dxe4 Bxd4+ 25. Kh1 Bxc3 26. Rac1 Rxc4 27. Rf3 Qxe4 28. Rfxc3 Rxc3 29. Rxc3 Rd1+ 30. Kh2 Qe5+ 31. g3 Qe2# 0-1

[Event "Live Chess"]
[Site "Chess.com"]
[Date "2023.05.20"]
[Round "-"]
[White "JoeRoot66"]
[Black "colourmefree"]
[Result "1-0"]
[WhiteElo "1910"]
[BlackElo "413"]
[TimeControl "300"]
[EndTime "15:12:57 PDT"]
[Termination "JoeRoot66 won by checkmate"]

1. e4 e6 2. d4 b6 3. Bd3 Bb7 4. Nf3 Nc6 5. d5 exd5 6. exd5 Nb4 7. c4 Nxd3+ 8. Qxd3 c6 9. d6 c5 10. Qe2+ Ne7 11.
Bg5 f6 12. Bf4 f5 13. Nbd2 Be4 14. Nxe4 fxe4 15. Qxe4 Rc8 16. O-O Rc6 17. Rfe1 g6 18.
dxe7 Bxe7 19. Bg5 O-O 20. Bxe7 Qxe7 21. Qxe7 Rc7 22. Qd6 Rb7 23. Qd5+ Kg7 24. Qxb7 Rf7 25. Ne5 Rf4 26. Qxd7+ Kf6 27. Qf7+ Kg5 28. Nf3+ Kg4 29. h3+ Kh5 30. Qxh7# 1-0

[Event "Live Chess"]
[Site "Chess.com"]
[Date "2023.05.20"]
[Round "-"]
[White "chrisbradgate"]
[Black "CameronM1234"]
[Result "1-0"]
[WhiteElo "874"]
[BlackElo "1090"]
[TimeControl "300"]
[EndTime "15:12:57 PDT"]
[Termination "chrisbradgate won by checkmate"]

1. d4 Nf6 2. Bf4 g6 3. e3 Bg7 4. c3 d6 5. Nf3 Nh5 6. Bg3 Nxg3 7. hxg3 Bg4 8. Qd3 Nd7 9. Nbd2 O-O 10. O-O-O e5 11.
e4 exd4 12. cxd4 c5 13. dxc5 Nxc5 14. Qe2 Rc8 15. Kb1 Qb6 16. Nc4 Bxf3 17. Qxf3 Qb4 18. Qg4 b5 19. Qh3 bxc4 20. Qxh7# 1-0

[Event "Live Chess"]
[Site "Chess.com"]
[Date "2023.05.20"]
[Round "-"]
[White "Nazar_777"]
[Black "Duke_of_Bebington"]
[Result "1-0"]
[WhiteElo "1616"]
[BlackElo "1580"]
[TimeControl "300"]
[EndTime "15:13:18 PDT"]
[Termination "Nazar_777 won by checkmate"]

1. e3 d5 2. h4 Nf6 3. a3 e5 4. c4 Be6 5. cxd5 Bxd5 6. Nc3 Bc6 7.
Nf3 Nbd7 8. Qc2 Bd6 9. Be2 Qe7 10. b4 a6 11. Bb2 Nb6 12. Rc1 Nbd5 13. Nxd5 Bxd5 14.
Bc4 Bxf3 15. gxf3 O-O-O 16. Be2 Nd5 17. b5 axb5 18. Bxb5 Nb6 19. a4 Bb4 20. Bc3 Nd5 21.
Bxb4 Nxb4 22. Qc3 Qd6 23. Ke2 Kb8 24. Rb1 Nd5 25. Qb2 c6 26. Bc4 Rd7 27. a5 Rc8 28. Rhc1 Rcc7 29. a6 Ne7 30. Rd1 b5 31. Bxf7 Nc8 32.
Be8 Qd3+ 33. Ke1 Re7 34. Bxc6 Rxc6 35. Qxb5+ Qxb5 36. Rxb5+ Ka7 37. Rdb1 Nb6 38. Ke2 Kxa6 39. R5b2 Kb7 40. Rb4 Kc7 41. f4 exf4 42. Rxf4 Nd5 43. Rd4 Rd7 44. Ra1 Nb6 45. Rb4 Kb7 46. Rab1 Rdc7 47. f4 Ka6 48. Kf3 Ka5 49. R4b2 Nd5 50.
Ra1# 1-0

[Event "Live Chess"]
[Site "Chess.com"]
[Date "2023.05.20"]
[Round "-"]
[White "JanMur7"]
[Black "TheSmoulderingMaster"]
[Result "0-1"]
[WhiteElo "1958"]
[BlackElo "1724"]
[TimeControl "300"]
[EndTime "15:13:38 PDT"]
[Termination "TheSmoulderingMaster won by checkmate"]

1. e4 c5 2. Nf3 d6 3. c3 Nf6 4. Be2 Nc6 5. d4 cxd4 6. cxd4 e5 7. d5 Ne7 8. Nc3 Ng6 9. O-O Be7 10. Be3 O-O 11. h4 Ng4 12. h5 Nxe3 13. fxe3 Nh4 14. Nxh4 Bxh4 15. Bg4 Qg5 16. Bxc8 Qxe3+ 17. Kh1 Raxc8 18.
Rf3 Qg5 19. Rf5 Qg3 20. Rf3 Qg4 21. Rh3 Qxd1+ 22. Rxd1 Bg5 23. Nb5 Rc2 24. Nxd6 Rxb2 25. Rb3 Rxa2 26. Nxb7 h6 27. d6 a5 28. d7 a4 29. Rb5 a3 30. Ra5 Bd2 31. Rxe5 Rb2 32. Re8 Bg5 33. d8=Q Bxd8 34. Rdxd8 Rxe8 35. Rxe8+ Kh7 36. Ra8 a2 37. Kh2 Rxb7 38. Rxa2 Rb5 39. g4 Re5 40. Ra4 Kg8 41. Kg3 Kf8 42. Kf4 f6 43.
Rd4 Ra5 44. Rd5 Ra1 45. Kf5 Rf1+ 46. Kg6 Rf4 47. g5 fxg5 48. e5 g4 49. Rd8+ Ke7 50. Ra8 g3 51. Ra7+ Ke6 52. Ra2 Rg4+ 53. Kh7 g2 54. Ra6+ Kxe5 55. Rg6 g1=Q 56. Kh8 Rxg6 57. Kh7 Rg5 58. Kh8 Qa7 59. Kh7 Qb7 60. Kh8 Qc8+ 61.
Kh7 Rxh5 62. Kg6 Qf5+ 63. Kxg7 Qf6+ 64. Kh7 Qf7+ 65. Kh8 Qf8+ 66. Kh7 Rh1 67. Kg6 Rg1+ 68. Kh7 Qg7# 0-1

[Event "Live Chess"]
[Site "Chess.com"]
[Date "2023.05.20"]
[Round "-"]
[White "JohanKjeldahl"]
[Black "VicLemon"]
[Result "1-0"]
[WhiteElo "1861"]
[BlackElo "1361"]
[TimeControl "300"]
[EndTime "15:13:41 PDT"]
[Termination "JohanKjeldahl won by resignation"]

1. e4 Nf6 2. e5 Nd5 3. d4 d6 4. c4 Nb6 5. Nf3 Bg4 6. exd6 cxd6 7. Be2 g6 8. Nc3 Bg7 9. Be3 O-O 10. b3 Nc6 11.
O-O e5 12. d5 Ne7 13. Rc1 f5 14. Ng5 Bxe2 15. Qxe2 Rf6 16. Ne6 Qd7 17. Bg5 Rf7 18. Nb5 a6 19. Nc3 h6 20. Bxe7 Qxe7 21. Nxg7 Kxg7 22.
Qd2 Nd7 23. b4 e4 24. Ne2 Ne5 25. c5 Nd3 26. Qc3+ Kh7 27. Rc2 Rc8 28. c6 bxc6 29. dxc6 d5 30. Nd4 Nxb4 31. Rb2 Nd3 32. Rb7 Rc7 33. Rxc7 Qxc7 34. Rb1 Qf4 35. Rf1 Qc7 36. Ne6 Qd6 37. c7 Qxe6 38. c8=Q Qxc8 39. Qxc8 1-0

[Event "Live Chess"]
[Site "Chess.com"]
[Date "2023.05.20"]
[Round "-"]
[White "McSlash1"]
[Black "Hussamalhaidar"]
[Result "1-0"]
[WhiteElo "2012"]
[BlackElo "1020"]
[TimeControl "300"]
[EndTime "15:13:58 PDT"]
[Termination "McSlash1 won by checkmate"]

1. e4 Nc6 2. d4 e5 3. d5 Nce7 4. Nf3 Ng6 5. c4 Bc5 6. Nc3 Nf6 7. a3 a6 8. b4 Ba7 9. c5 d6 10. Qa4+ Bd7 11. c6 bxc6 12. dxc6 Be6 13. Bg5 O-O 14. Be2 a5 15. b5 h6 16. Bd2 h5 17. O-O Ng4 18. Ng5 Nxf2 19. Rxf2 Bc8 20. Rf1 f5 21.
Bc4+ Kh8 22. Nf7+ Rxf7 23. Bxf7 Qf6 24. Bxg6 Qxg6 25. exf5 Qxf5 26. Qe4 Bxf2+ 27. Rxf2 Qxe4 28. Nxe4 a4 29. Ng5 Bg4 30. h3 Bd1 31. Rf7 Kg8 32.
Rxc7 Ra5 33. Bxa5 g6 34. b6 d5 35. b7 d4 36. b8=Q# 1-0

[Event "Live Chess"]
[Site "Chess.com"]
[Date "2023.05.20"]
[Round "-"]
[White "fso"]
[Black "jk0110"]
[Result "1-0"]
[WhiteElo "2234"]
[BlackElo "1118"]
[TimeControl "300"]
[EndTime "15:14:14 PDT"]
[Termination "fso won by checkmate"]

1. e4 e5 2. f4 d5 3. exd5 e4 4. d3 Nf6 5. dxe4 Nxe4 6. Be3 Qh4+ 7. g3 Nxg3 8. hxg3 Qxh1 9. Kf2 Qh2+ 10. Bg2 Qh6 11.
Nc3 Bd6 12. Nf3 Bg4 13. Qd3 O-O 14. Ng5 g6 15. Rh1 Qg7 16. Bd4 f6 17. Rxh7 Qxh7 18. Nxh7 Kxh7 19. Ne4 Bf5 20. g4 Bxe4 21. Bxe4 Bxf4 22.
Bxg6+ Kg7 23. Bf5 c6 24. Qe4 Bg5 25. c4 Bh4+ 26. Kf3 Bg5 27. Qe6 Na6 28. Bb1 Rae8 29. Qf5 b6 30. Qh7# 1-0

[Event "Live Chess"]
[Site "Chess.com"]
[Date "2023.05.20"]
[Round "-"]
[White "LutherSullivan"]
[Black "BJAW87"]
[Result "1-0"]
[WhiteElo "2040"]
[BlackElo "1430"]
[TimeControl "300"]
[EndTime "15:14:19 PDT"]
[Termination "LutherSullivan won on time"]

1. e4 c6 2. d4 d5 3. Nc3 dxe4 4.
Nxe4 Nf6 5. Nxf6+ exf6 6. Qe2+ Be7 7. Be3 O-O 8. O-O-O Re8 9. Kb1 Be6 10. Nf3 Qa5 11. b3 Na6 12. c3 Nc7 13. Bd2 Qb6 14. c4 c5 15. Be3 a5 16. dxc5 Bxc5 17. Bxc5 Qxc5 18.
Qe3 Qa3 19. Qc3 a4 20. Qb2 Qc5 21. Nd4 Bf5+ 22. Nxf5 Qxf5+ 23. Bd3 Qe6 24. Qc3 a3 25. Rhe1 Qg4 26. g3 Rxe1 27. Rxe1 Ne6 28. f3 Qh3 29. Qc2 Nd4 30. Qf2 Nxb3 31. g4 Qh6 32. axb3 a2+ 33. Ka1 Qg5 34. Qe3 Qxe3 35. Rxe3 Rf8 36. Re7 g6 37.
Rxb7 h5 38. Kxa2 Kg7 39. gxh5 gxh5 40. Kb2 Kh6 41. Kc3 Rg8 42. c5 Rg7 43. Bc4 Kg5 44.
Kb4 Rg6 45. Rb6 f5 46. Rd6 Kf4 47. Rd4+ Kg5 48. Rd1 Kh6 49. Rg1 Kg7 50. f4 1-0